 Dungeon Crawl Stone Soup version 0.23.2-33-g5129a83184 (webtiles) character file.

Game seed: 7470202706896583849

42 Kold the Insei (level 3, 0/23 HPs)
             Began as an Octopode Transmuter on July 23, 2019.
             Slain by a rat (3 damage)
             ... on level 2 of the Dungeon.
             The game lasted 00:01:27 (1046 turns).

Kold the Insei (Octopode Transmuter)                Turns: 1046, Time: 00:01:27

Health: 0/23       AC:  1    Str: 10    XL:     3   Next: 54%
Magic:  6/6        EV: 13    Int: 15    God:
Gold:   40         SH:  0    Dex: 12    Spells: 5/6 levels left

rFire    . . .     SeeInvis .     - Unarmed
rCold    . . .     Gourm    .   (no shield)
rNeg     . . .     Faith    .   (helmet restricted)
rPois    .         Spirit   .   e - amulet of magic regeneration
rElec    .         Reflect  .   (no ring)
rCorr    .         Harm     .   (no ring)
MR       .....                  (no ring)
Stlth    ++........             (no ring)
HPRegen  0.07/turn              (no ring)
MPRegen  0.35/turn              (no ring)
                                (no ring)
                                (no ring)

@: lethally poisoned (0 -> -9), appendage
A: almost no armour, stealthy swim, amphibious, 8 rings, constrict 8, tentacle
spike 3, camouflage 1, gelatinous body 1
a: End Transformation


You were on level 2 of the Dungeon.
You were not hungry.
One of your tentacles had a temporary spike.
You visited 1 branch of the dungeon, and saw 2 of its levels.

You collected 40 gold pieces.

Inventory:

Missiles
 a - 54 arrows
Jewellery
 e - an amulet of magic regeneration (around mantle)
Comestibles
 b - 2 chunks of flesh
 c - a ration


   Skills:
 + Level 1.0 Fighting
 + Level 2.2 Dodging
 + Level 0.5 Stealth
 + Level 3.8 Unarmed Combat
 + Level 2.2 Spellcasting
 + Level 2.2 Transmutations


You had 5 spell levels left.
You knew the following spells:

 Your Spells              Type           Power        Failure   Level  Hunger
a - Beastly Appendage     Tmut           #.....       9%          1    #......

Your spell library contained the following spells:

 Spells                   Type           Power        Failure   Level  Hunger
 Sticks to Snakes         Tmut           #.......     13%         2    ###....
 Spider Form              Tmut/Pois      #.........   38%         3    ###....
 Ice Form                 Ice/Tmut       #.......     80%         4    #####..
 Blade Hands              Tmut           #.........   94%         5    ######.


Dungeon Overview and Level Annotations

Branches:
Dungeon (2/15)

Altars:


Innate Abilities, Weirdness & Mutations

You cannot wear most types of armour.
You are very stealthy in the water. (Stealth+)
You are amphibious.
You can wear up to eight rings at the same time.
You can use your tentacles to constrict eight enemies at once.
Your skin changes colour to match your surroundings (Stealth+).
Your rubbery body absorbs attacks. (AC +1, EV +1)
One of your tentacles bears a large vicious spike.


Message History

You tentacle-slap the worker ant but do no damage.
You grab the worker ant.
You constrict the worker ant, but do no damage.
You feel sick. The rat barely misses you. The worker ant bites you!
You tentacle-slap the worker ant but do no damage.
You constrict the worker ant.
You feel sick. The rat bites you.
* * * LOW HITPOINT WARNING * * *
The worker ant closely misses you.
You tentacle-slap the worker ant but do no damage.
You squeeze the worker ant, but do no damage.
The worker ant is lightly wounded.
You constrict the worker ant. The rat completely misses you.
The worker ant completely misses you.
As you read the scroll labeled JOPSUFRIG SERHAWK, it crumbles to dust.
It is a scroll of identify.
You don't have any unidentified items.
You constrict the worker ant, but do no damage.
* * * LOW HITPOINT WARNING * * *
You feel sick. The rat bites you.
You die...

........#
#......#
#?.....#
#......#
####..<#####
#..........#
#..........#
#.....[....#
#..@r..!...#
#.a........#
#..........#
#.........[#
#..........#
#..........#
#..........
###########


You could see a worker ant and a rat.

Vanquished Creatures
  2 oozes (D:1)
  2 giant cockroaches (D:1)
  6 goblins (D:1)
  5 hobgoblins (D:1)
  5 kobolds (D:1)
  3 bats (D:1)
  A frilled lizard (D:1)
  7 rats (D:1)
31 creatures vanquished.

Notes
Turn   | Place    | Note
-------+----------+-------------------------------------------
     0 | D:1      | Kold the Octopode Transmuter began the quest for the Orb.
     0 | D:1      | Reached XP level 1. HP: 13/13 MP: 3/3
    15 | D:1      | Reached XP level 2. HP: 9/18 MP: 3/5
   474 | D:1      | Reached XP level 3. HP: 17/23 MP: 4/6
  1046 | D:2      | Slain by a rat

Action                   || total
-------------------------++-------
Melee: Unarmed           ||    65
       Constrict         ||    22
       Tentacles         ||    10
       Kick              ||    12
       Punch             ||     1
 Cast: Beastly Appendage ||    12
  Use: Scroll            ||     1
 Stab: Sleeping          ||     4
  Eat: Chunk             ||     1
Armor: Skin              ||     5
Dodge: Dodged            ||    44
